 Dungeon Crawl Stone Soup version 0.29.0-13-gc9e81de378 (webtiles) character file.

Game seed: 13970995171844842463

12133 leavemydog the Thaumaturge (level 11, -25/54 HPs)
             Began as a Deep Elf Conjurer on Sept 7, 2022.
             Was a Believer of Vehumet.
             Annihilated by a boulder beetle (47 damage)
             ... on level 11 of the Dungeon.
             The game lasted 00:26:23 (15152 turns).

leavemydog the Thaumaturge (Deep Elf Conjurer)     Turns: 15152, Time: 00:26:25

Health: -25/54     AC: 11    Str:  4    XL:     11   Next: 58%
Magic:  3/31       EV: 16    Int: 28    God:    Vehumet [**....]
Gold:   1344       SH:  5    Dex: 13    Spells: 23/38 levels left

rFire   . . .      SeeInvis .   y - staff of conjuration
rCold   . . .      Faith    .   (no shield)
rNeg    . . .      Spirit   .   Q - +0 steam dragon scales
rPois   .          Reflect  +   n - +2 helmet
rElec   .          Harm     .   D - +0 cloak
rCorr   .          Rampage  .   (no gloves)
Will    +....                   U - +1 pair of boots
Stlth   ++........              K - amulet of reflection
HPRegen 0.18/turn               m - +4 ring of evasion
MPRegen 0.22/turn               s - ring of wizardry

@: no status effects
A: no striking features
a: Renounce Religion


You were on level 11 of the Dungeon.
You worshipped Vehumet.
Vehumet was pleased with you.
You visited 2 branches of the dungeon, and saw 12 of its levels.

You collected 1416 gold pieces.
You spent 72 gold pieces at shops.

Inventory:

Hand Weapons
 a - the +4 dagger "Horouk" {vorpal, *Noise rElec rF+ rC++}
   (You took it off a kobold on level 8 of the Dungeon)

   It inflicts extra damage upon your enemies.
   rF:        It protects you from fire.
   rC:        It greatly protects you from cold.
   rElec:     It insulates you from electricity.
   *Noise:    It may make noises in combat.
Armour
 n - a +2 helmet (worn)
 q - the +1 pair of boots of Mofuuler {rF++ Str-4 Int+4}
   (You acquired it on level 10 of the Dungeon)

   Str:       It affects your strength (-4).
   Int:       It affects your intelligence (+4).
   rF:        It greatly protects you from fire.
 B - a +2 robe of cold resistance
 D - a +0 cloak (worn)
 Q - +0 steam dragon scales (worn)
 U - a +1 pair of boots (worn)
Magical Staves
 y - a staff of conjuration (weapon)
Jewellery
 l - a ring of willpower
 m - a +4 ring of evasion (left hand)
 s - a ring of wizardry (right hand)
 w - a ring of ice
 A - a ring of resist corrosion
 K - an amulet of reflection (around neck)
 T - an amulet of magic regeneration
Wands
 x - a wand of roots (10)
 C - a wand of quicksilver (7)
 G - a wand of mindburst (11)
 L - a wand of paralysis (18)
Scrolls
 e - 6 scrolls of teleportation
 h - 2 scrolls of noise
 i - 2 scrolls of fear
 o - 2 scrolls of summoning {unknown}
 p - 7 scrolls of vulnerability
 t - 2 scrolls of fog {unknown}
 u - 5 scrolls of blinking
 J - a scroll of poison
 N - a scroll of immolation
 O - a scroll of amnesia
 P - 2 scrolls of magic mapping
Potions
 b - 2 potions of magic
 c - a potion of cancellation
 d - 3 potions of attraction
 f - 4 potions of curing
 g - 2 potions of might
 j - 3 potions of heal wounds
 k - 3 potions of lignification
 r - a potion of berserk rage {unknown}
 v - 3 potions of mutation {unknown}
 z - a potion of ambrosia {unknown}
 E - 3 potions of invisibility {unknown}
 F - a potion of resistance {unknown}
 I - 4 potions of haste {unknown}
 R - a potion of flight {unknown}
 S - a potion of brilliance {unknown}


   Skills:
 - Level 2.4 Dodging
 - Level 2.4 Stealth
 + Level 1.0 Shields
 + Level 14.1 Spellcasting
 + Level 12.9 Conjurations
 * Level 8.8 Hexes
 * Level 8.3 Translocations


You had 23 spell levels left.
You knew the following spells:

 Your Spells              Type           Power      Damage    Failure   Level
a - Magic Dart            Conj           100%       1d8       0%          1
b - Searing Ray           Conj           100%       2d8       0%          2
c - Iskenderun's Mystic   Conj/Tloc      87%        2d17      1%          4
d - Fulminant Prism       Conj/Hex       44%        3d20      1%          4
e - Cause Fear            Hex            31%        N/A       1%          4

Your spell library contained the following spells:

 Spells                   Type           Power      Damage    Failure   Level
 Scorch                   Fire           38%        2d7       1%          2
 Freeze                   Ice            76%        1d9       1%          1
 Dazzling Flash           Conj/Hex       100%       N/A       1%          3
 Inner Flame              Hex/Fire       44%        N/A       1%          3
 Anguish                  Hex/Necr       22%        N/A       1%          4
 Hailstorm                Conj/Ice       71%        3d15      1%          4
 Frozen Ramparts          Ice            38%        1d6       3%          3
 Enfeeble                 Hex            31%        N/A       24%         7
 Discord                  Hex            31%        N/A       86%         8


Dungeon Overview and Level Annotations

Branches:
Dungeon (11/15)            Temple (1/1) D:7            Lair (0/5) D:8
    Orc (0/2) D:9

Altars:
Ashenzari
Cheibriados
Dithmenos
Elyvilon
Fedhas
Gozag
Hepliaklqana
Kikubaaqudgha
Makhleb
Nemelex Xobeh
Okawaru
Qazlal
Ru
Sif Muna
Trog
Uskayaw
Vehumet
Wu Jian
Xom
Yredelemnul
Zin
The Shining One

Shops:
D:4 ?   D:6 [   D:7 ?

Annotations:
D:8 2 runed translucent doors, ToffieWolf's ghost, novice MiBe
D:9 1 runed translucent door, Somebody's ghost, journeyman NaBe


Message History

Confirm with . or Enter, or press ? or * to list all spells.
You feel a surge of power!
You erupt in a blast of force!
The mystic blast hits the boulder beetle but does no damage.
The boulder beetle is lightly wounded.
The boulder beetle hits you!!
Ouch! That really hurt!
The boulder beetle stops rolling and uncurls.
Casting: Iskenderun's Mystic Blast (safe; 1% risk of failure)
Confirm with . or Enter, or press ? or * to list all spells.
You feel a surge of power!
You erupt in a blast of force!
The mystic blast hits the boulder beetle!!
The boulder beetle is heavily wounded.
The boulder beetle is knocked back by the mystic blast.
The boulder beetle curls into a ball and begins rolling!
Casting: Iskenderun's Mystic Blast (safe; 1% risk of failure)
Confirm with . or Enter, or press ? or * to list all spells.
You feel a surge of power!
You erupt in a blast of force!
The mystic blast hits the boulder beetle.
The boulder beetle is heavily wounded.
The boulder beetle is knocked back by the mystic blast.
Casting: Iskenderun's Mystic Blast (safe; 1% risk of failure)
Confirm with . or Enter, or press ? or * to list all spells.
You feel a surge of power!
You erupt in a blast of force!
The mystic blast hits the boulder beetle.
The boulder beetle is heavily wounded.
The boulder beetle is knocked back by the mystic blast.
Casting: Iskenderun's Mystic Blast (safe; 1% risk of failure)
Confirm with . or Enter, or press ? or * to list all spells.
You feel a surge of power!
You erupt in a blast of force!
The mystic blast hits the boulder beetle!
The boulder beetle is severely wounded.
The boulder beetle is knocked back by the mystic blast.
Casting: Iskenderun's Mystic Blast (safe; 1% risk of failure)
Confirm with . or Enter, or press ? or * to list all spells.
You feel a surge of power!
You erupt in a blast of force!
The mystic blast hits the boulder beetle but does no damage.
The boulder beetle is heavily wounded.
The boulder beetle hits you!!!
Ouch! That really hurt!
You die...

#..##...# ###.......#
○.........# #.......#
#.......#
#..○....##########
#..##............#
#..##...........#
#..#.........B@<#
#..#....##..○...#
#..#...○##.°....##
#####.°.......[.....
#..##...............
#...............##...
#...............#####
..............^..#
........##......##


You could see a boulder beetle (rolling).

Vanquished Creatures
  Josephine (D:11)
  A two-headed ogre (D:9)
  Pikel (D:7)
  Maggie (D:7)
  A komodo dragon (D:10)
  Psyche (D:11)
  A troll (D:11)
  Sigmund (D:5)
  3 wyverns
  16 yaks
  5 wraiths
  A basilisk (D:8)
  2 steam dragons
  An acid dragon (D:9)
  3 water moccasins
  4 orc warriors
  4 sky beasts
  3 black bears
  2 ice beasts
  An ogre (D:7)
  4 centaurs
  A wolf (D:7)
  3 kobold brigands
  Blork the orc (D:5)
  4 bullfrogs
  A necrophage (D:6)
  5 gnoll sergeants
  2 scorpions
  3 wights (D:9)
  5 killer bees (D:6)
  An electric eel (D:7)
  2 howler monkeys
  3 jellies
  9 orc priests
  4 gnoll boudas
  17 hounds
  8 iguanas
  3 orc wizards
  37 gnolls
  3 adders (D:4)
  A shadow imp (D:6)
  4 worms
  4 dart slugs
  25 orcs
  8 endoplasms
  2 giant cockroaches
  3 goblins
  9 hobgoblins
  12 jackals
  6 quokkas
  6 ball pythons
  2 bats
  2 frilled lizards
  13 kobolds
  8 rats
274 creatures vanquished.

Vanquished Creatures (others)
  25 fulminant prisms
  A fungus (D:8)
  2 plants
28 creatures vanquished.

Grand Total: 302 creatures vanquished

Notes
Turn   | Place    | Note
-------+----------+-------------------------------------------
     0 | D:1      | leavemydog the Deep Elf Conjurer began the quest for the
                  | Orb.
     0 | D:1      | Reached XP level 1. HP: 10/10 MP: 6/6
   182 | D:1      | Reached XP level 2. HP: 15/15 MP: 6/8
   185 | D:1      | Learned a level 2 spell: Searing Ray
   384 | D:1      | Reached skill level 5 in Conjurations
   530 | D:1      | Found a faded altar of an unknown god.
  1298 | D:2      | Reached XP level 3. HP: 19/19 MP: 4/9
  1661 | D:2      | Found a stormy altar of Qazlal.
  2438 | D:3      | Noticed a black bear
  2442 | D:3      | Killed a black bear
  2443 | D:3      | Reached skill level 4 in Spellcasting
  2443 | D:3      | Reached XP level 4. HP: 24/24 MP: 5/12
  2443 | D:3      | Reached XP level 5. HP: 28/28 MP: 5/14
  2448 | D:3      | Learned a level 4 spell: Iskenderun's Mystic Blast
  2661 | D:3      | Reached skill level 5 in Spellcasting
  3495 | D:4      | Found Neidout's Magic Scroll Shop.
  3499 | D:4      | Reached skill level 1 in Translocations
  3697 | D:4      | Reached XP level 6. HP: 32/32 MP: 10/16
  3825 | D:4      | Learned a level 4 spell: Fulminant Prism
  3827 | D:4      | Noticed a sky beast
  3834 | D:4      | Killed a sky beast
  3835 | D:4      | Reached skill level 6 in Spellcasting
  4394 | D:4      | Reached XP level 7. HP: 36/36 MP: 8/19
  4603 | D:4      | Found a sparkling altar of Nemelex Xobeh.
  4971 | D:5      | Entered Level 5 of the Dungeon
  4977 | D:5      | Reached skill level 7 in Spellcasting
  5739 | D:5      | Reached skill level 1 in Hexes
  5753 | D:5      | Noticed Sigmund
  5911 | D:5      | Reached skill level 8 in Spellcasting
  5967 | D:5      | Killed Sigmund
  5968 | D:5      | Reached XP level 8. HP: 35/41 MP: 15/22
  6057 | D:5      | Found a shimmering altar of Xom.
  6103 | D:5      | Noticed Blork the orc
  6109 | D:5      | Killed Blork the orc
  6719 | D:6      | Reached skill level 9 in Spellcasting
  7037 | D:6      | Found Duih's Antique Armour Boutique.
  7824 | D:7      | Noticed Maggie
  7832 | D:7      | Killed Maggie
  7833 | D:7      | Reached skill level 10 in Spellcasting
  7833 | D:7      | Reached XP level 9. HP: 19/45 MP: 8/25
  8252 | D:7      | Noticed Pikel
  8258 | D:7      | Killed Pikel
  8259 | D:7      | Reached skill level 5 in Hexes
  8259 | D:7      | Reached skill level 5 in Translocations
  8353 | D:7      | Reached skill level 10 in Conjurations
  8541 | D:7      | Reached skill level 11 in Spellcasting
  9179 | D:7      | Learned a level 4 spell: Cause Fear
  9724 | D:7      | Found a staircase to the Ecumenical Temple.
  9744 | Temple   | Entered the Ecumenical Temple
  9958 | Temple   | Became a worshipper of Vehumet
  9983 | D:7      | Reached XP level 10. HP: 50/50 MP: 18/27
 10060 | D:7      | Found Bafajim's Magic Scroll Boutique.
 10064 | D:7      | Bought a scroll of identify for 24 gold pieces
 10064 | D:7      | Bought a scroll of identify for 24 gold pieces
 10064 | D:7      | Bought a scroll of identify for 24 gold pieces
 10524 | D:8      | Found a large runed translucent door.
 10524 | D:8      | Found a large runed translucent door.
 10525 | D:8      | Noticed ToffieWolf's ghost (novice MiBe)
 10778 | D:8      | Found a staircase to the Lair.
 10901 | D:8      | Identified the +4 dagger "Horouk" {vorpal, *Noise rElec rF+
                  | rC++}
 10923 | D:8      | Reached skill level 12 in Spellcasting
 11217 | D:8      | Reached * piety under Vehumet
 11217 | D:8      | Offered knowledge of Sandblast by Vehumet.
 11571 | D:8      | Found a glowing silver altar of Zin.
 11612 | D:8      | Found an opulent altar of Gozag.
 11995 | D:9      | Found an iron altar of Okawaru.
 12048 | D:9      | Found a staircase to the Orcish Mines.
 12081 | D:9      | Identified the +1 pair of gloves "Gumpilec" {-Tele rPois
                  | rC+++ rCorr}
 12543 | D:9      | Reached skill level 13 in Spellcasting
 12739 | D:9      | Noticed a two-headed ogre
 12750 | D:9      | Killed a two-headed ogre
 12751 | D:9      | Reached XP level 11. HP: 47/54 MP: 13/30
 12871 | D:9      | Found a runed translucent door.
 12872 | D:9      | Noticed a death knight
 12874 | D:9      | Noticed Somebody's ghost (journeyman NaBe)
 12896 | D:9      | Identified the +4 quarterstaff of the Enchanting Salmon
                  | {distort, Dex+4}
 13370 | D:10     | Entered Level 10 of the Dungeon
 13910 | D:10     | Reached ** piety under Vehumet
 13911 | D:10     | Offered knowledge of Scorch by Vehumet.
 14693 | D:10     | Identified 3 scrolls of acquirement
 14693 | D:10     | Acquired 754 gold pieces
 14694 | D:10     | Acquired a staff of conjuration
 14695 | D:10     | Acquired the +1 pair of boots of Mofuuler {rF++ Str-4
                  | Int+4}
 14958 | D:11     | Noticed Josephine
 14959 | D:11     | Noticed Psyche
 14968 | D:11     | Killed Psyche
 14969 | D:11     | Reached skill level 1 in Shields
 14969 | D:11     | Killed Josephine
 14970 | D:11     | Reached skill level 14 in Spellcasting
 15128 | D:11     | Noticed a boulder beetle
 15152 | D:11     | Annihilated by a boulder beetle

Illustrated notes

Levels and vault maps discovered:
D:1:      evilmike_arrival_come_back, layout_loops_cross,
          shapermc_ecumenical_altar_hornbeckon, patterned_corridor
D:2:      layout_basic, basic_altar, serial_curves, eino_curves_03,
          eino_curves_03
D:3:      minmay_inner_zag, layout_loops_corners
D:4:      layout_cave_pools, nemelex_diamond_rough_becter, serial_shops, shop
D:5:      layout_loops_cross, mainiacjoe_overflow_cross_hatched, minmay_bent,
          uniq_blork_the_orc, uniq_sigmund
D:6:      layout_basic, serial_shops, shop, st_stairs_13
D:7:      layout_cave_pools, minmay_temple_entry_sparse_star, serial_gnoll_camp,
          gnoll_camp_mini_shop, gnoll_camp_mini_doghouse, gnoll_camp_huts_moat,
          gnoll_camp_mini_hut, gnoll_camp_mini_basic, gnoll_camp_mini_hut,
          uniq_maggie, uniq_pikel
D:8:      layout_basic, grunt_temple_overflow_gold_and_silver,
          david_lair_generic, ebering_ghost_disaster_area, kennysheep_potato
D:9:      minmay_evil_eye, layout_cave_pods, okawaru_gym_becter, orc_0_dummy,
          enter_bailey_2, ebering_ghost_inner_flame, minivault_21
D:10:     layout_loops_ring, hellmonk_bongcloud_opening, minmay_fountain_box
D:11:     wad_arrow_thing, layout_gridville, uniq_josephine, uniq_psyche
Temple:   bh_familiar_temple

Skill      XL: |  1  2  3  4  5  6  7  8  9 10 11 |
---------------+----------------------------------+-----
Conjurations   | 5 6 7 8 9 10 12 | 12.9
Spellcasting   | 4 5 6 8 10 11 13 14 | 14.1
Translocations | 1 2 3 4 6 7 8 |  8.3
Hexes          | 2 4 6 7 8 |  8.8
Shields        | 1 |  1.0
Dodging        | |  2.4
Stealth        | |  2.4

Action                   |  1- 3 |  4- 6 |  7- 9 | 10-12 || total
-------------------------+-------+-------+-------+-------++-------
 Cast: Magic Dart        |    80 |    87 |   284 |   106 ||   557
       Searing Ray       |     2 |     6 |    25 |    39 ||    72
       Fulminant Prism   |       |       |     9 |    16 ||    25
       Iskenderun's Myst |       |       |    11 |    27 ||    38
  Use: Scroll            |     4 |     2 |     2 |    16 ||    24
       Potion            |       |       |       |     2 ||     2
Armor: Robe              |       |     5 |    13 |     2 ||    20
       Steam dragon scal |       |       |       |    14 ||    14
Dodge: Dodged            |     3 |    14 |    33 |    49 ||    99
Block: Other             |       |       |     6 |    17 ||    23
       Reflection        |       |       |     4 |     3 ||     7
